[Event "European-ch Seniors 2018"]
[Site "Drammen"]
[Date "2018.08.10"]
[Round "7"]
[White "Clark, Gary M"]
[Black "Zimmermann, Luc"]
[Result "1/2-1/2"]
[ECO "D85"]
[WhiteElo "2285"]
[BlackElo "2184"]
[Annotator "NA"]
[PlyCount "96"]
[EventDate "2018.08.04"]
[EventType "swiss"]
[EventCountry "NOR"]
[SourceTitle "playchess.com"]
[Source "ChessBase"]
[SourceQuality "1"]
[TimeControl "40/5400+30:1800+30"]

1. d4 Nf6 2. c4 g6 3. Nc3 d5 4. Nf3 Bg7 5. cxd5 Nxd5 6. e4 Nxc3 7. bxc3 c5 8. Rb1 O-O 9. Be2 cxd4 10. cxd4 Qa5+ 11. Bd2 Qxa2 12. O-O Bg4 13. Bg5 h6 14. Bh4 g5 15. Bg3 Nc6 16. d5 Bxf3 17. Bxf3 Ne5 18. Rxb7 e6 19. h4 Rab8 20. Rc7 Qa5 21. Qc1 gxh4 22. Bxe5 Bxe5 23. Rc5 Rb5 24. Rxb5 Qxb5 25. Qxh6 exd5 26. exd5 Qb4 27. Qg5+ Bg7 28. Rd1 Re8 29. Kh2 Qd6+ 30. Kh3 a5 31. Qxh4 Rd8 32. g3 Qh6 33. Bh5 Bf6 34. Qg4+ Qg5 35. Qxg5+ Bxg5 36. Be2 Rd6 37. Bb5 Be7 38. Bc6 Rg6 39. f4 Bd6 40. Rd4 Kg7 41. Re4 Rh6+ 42. Kg2 Rh8 43. Be8 Kf8 44. Bc6 Kg7 45. Kf3 Rb8 46. Ra4 Rb3+ 47. Kg4 Bb4 48. Ra1 Rd3 1/2-1/2

[Event "European-ch Seniors 2018"]
[Site "Drammen"]
[Date "2018.08.10"]
[Round "7"]
[White "Barle, Janez"]
[Black "Bogdanov, Valentin"]
[Result "1/2-1/2"]
[ECO "A48"]
[WhiteElo "2249"]
[BlackElo "2356"]
[Annotator "NA"]
[PlyCount "65"]
[EventDate "2018.08.04"]
[EventType "swiss"]
[EventCountry "NOR"]
[SourceTitle "playchess.com"]
[Source "ChessBase"]
[SourceQuality "1"]
[TimeControl "40/5400+30:1800+30"]

1. d4 Nf6 2. Nf3 g6 3. Nc3 d5 4. Bf4 Bg7 5. Nb5 Na6 6. e3 O-O 7. Be2 Ne4 8. Nd2 c5 9. Nxe4 dxe4 10. c3 Bd7 11. Qb3 Be6 12. Qa4 Qb6 13. O-O Rac8 14. Rac1 Bd7 15. b3 e5 16. dxe5 Nc7 17. e6 Nxe6 18. Qxa7 Qc6 19. Qa3 Nxf4 20. exf4 Qb6 21. Qa7 Qxa7 22. Nxa7 Ra8 23. Nb5 Rxa2 24. Bc4 Bxb5 25. Bxb5 Rd8 26. Bc4 Rdd2 27. b4 Rab2 28. Rce1 b5 29. Bxb5 cxb4 30. cxb4 Bd4 31. Rxe4 Kg7 32. g3 Rxb4 33. Re2 1/2-1/2

[Event "European-ch Seniors 2018"]
[Site "Drammen"]
[Date "2018.08.10"]
[Round "7"]
[White "Lederman, Leon S"]
[Black "Malmdin, Nils Ake"]
[Result "1-0"]
[ECO "B01"]
[WhiteElo "2245"]
[BlackElo "2135"]
[Annotator "NA"]
[PlyCount "123"]
[EventDate "2018.08.04"]
[EventType "swiss"]
[EventCountry "NOR"]
[SourceTitle "playchess.com"]
[Source "ChessBase"]
[SourceQuality "1"]
[TimeControl "40/5400+30:1800+30"]

1. e4 d5 2. exd5 Nf6 3. Bb5+ Nbd7 4. Nc3 a6 5. Be2 Nb6 6. d4 Nbxd5 7. Nxd5 Qxd5 8. Nf3 e6 9. O-O Be7 10. c4 Qd8 11. Qa4+ Bd7 12. Qb3 Rb8 13. Ne5 O-O 14. Bf4 Bd6 15. Rfd1 Qe7 16. Bf3 h6 17. Rd2 Be8 18. c5 Bxe5 19. Bxe5 Nh7 20. h4 f6 21. Bg3 f5 22. Qe3 Qf7 23. Be5 Nf6 24. Qf4 Bc6 25. Bxc6 bxc6 26. Bxf6 Qxf6 27. Qxc7 Rbc8 28. Qf4 Rfd8 29. Rad1 Rd5 30. b4 g5 31. hxg5 hxg5 32. Qg3 Kf7 33. Re1 f4 34. Qd3 Rh8 35. Qe4 Qh6 36. Kf1 g4 37. Ke2 Qf6 38. Kd1 Rhd8 39. Kc2 Rxd4 40. Rxd4 Rxd4 41. Qh7+ Kf8 42. Kb3 Rd2 43. a3 Qb2+ 44. Ka4 Qc2+ 45. Qxc2 Rxc2 46. f3 Ke7 47. Re4 Rxg2 48. Rxf4 g3 49. Rg4 Rg1 50. Ka5 g2 51. Kb6 Rf1 52. Rxg2 Rxf3 53. Ra2 e5 54. Kxa6 e4 55. Kb6 Kd7 56. a4 Rb3 57. Rd2+ Rd3 58. Rh2 Rd4 59. b5 cxb5 60. c6+ Ke6 61. axb5 e3 62. c7 1-0

[Event "European-ch Seniors 2018"]
[Site "Drammen"]
[Date "2018.08.10"]
[Round "7"]
[White "Furman, Boris"]
[Black "Svensson, Leif"]
[Result "1/2-1/2"]
[ECO "D31"]
[WhiteElo "2242"]
[BlackElo "2052"]
[Annotator "NA"]
[PlyCount "103"]
[EventDate "2018.08.04"]
[EventType "swiss"]
[EventCountry "NOR"]
[SourceTitle "playchess.com"]
[Source "ChessBase"]
[SourceQuality "1"]
[TimeControl "40/5400+30:1800+30"]

1. d4 d5 2. c4 e6 3. Nc3 c6 4. cxd5 exd5 5. Qc2 g6 6. Bf4 Bd6 7. Bg3 Ne7 8. Nf3 Nf5 9. O-O-O Nxg3 10. hxg3 Be6 11. e4 Be7 12. exd5 cxd5 13. Bb5+ Kf8 14. Ne5 Kg7 15. Qd2 h5 16. Qe2 Qc8 17. Kb1 a6 18. Ba4 Bf6 19. Bb3 Rd8 20. Na4 Rd6 21. Rc1 Qd8 22. Nc5 Bf5+ 23. Ka1 Rb6 24. g4 hxg4 25. Nxg4 Nd7 26. Nxf6 Nxf6 27. Qd2 Ng8 28. f3 Rc8 29. g4 Be6 30. g5 Bf5 31. f4 Rbc6 32. Rce1 b5 33. Rh4 f6 34. Reh1 fxg5 35. fxg5 a5 36. Qf4 Qd6 37. Qf3 Rxc5 38. dxc5 Qxc5 39. Qc3+ Kf7 40. Rh7+ Ke6 41. Rg7 a4 42. Bxd5+ Kxd5 43. Qxc5+ Rxc5 44. Rxg8 b4 45. Rb8 Rc4 46. Rg1 Ke5 47. b3 axb3 48. axb3 Rd4 49. Re8+ Kf4 50. Re2 Bg4 51. Rf1+ Kxg5 52. Re5+ 1/2-1/2

[Event "European-ch Seniors 2018"]
[Site "Drammen"]
[Date "2018.08.10"]
[Round "7"]
[White "Moen, Ole Christian"]
[Black "Ashby, Anthony"]
[Result "1/2-1/2"]
[ECO "C02"]
[WhiteElo "2228"]
[BlackElo "2055"]
[Annotator "NA"]
[PlyCount "92"]
[EventDate "2018.08.04"]
[EventType "swiss"]
[EventCountry "NOR"]
[SourceTitle "playchess.com"]
[Source "ChessBase"]
[SourceQuality "1"]
[TimeControl "40/5400+30:1800+30"]

1. e4 e6 2. d4 d5 3. e5 Qd7 4. Nf3 b6 5. c3 a5 6. Bd3 Ba6 7. O-O Ne7 8. Na3 Ng6 9. Nc2 Be7 10. g3 c5 11. h4 h6 12. h5 Nf8 13. Bxa6 Nxa6 14. Qe2 c4 15. b3 b5 16. Ba3 Nh7 17. Rfb1 O-O 18. Bxe7 Qxe7 19. a4 cxb3 20. Rxb3 b4 21. Rab1 Rfb8 22. Qd2 Qe8 23. cxb4 Nxb4 24. Nxb4 Rxb4 25. Rxb4 axb4 26. Rxb4 Rxa4 27. Rb7 Qc8 28. Qb2 Ra8 29. Kg2 Nf8 30. Qb4 Nd7 31. Ne1 Rb8 32. Rxb8 Qxb8 33. Nd3 Qxb4 34. Nxb4 Kf8 35. f4 Nb6 36. Kf3 Nc4 37. Ke2 Ke7 38. g4 f6 39. Nc2 Kf7 40. Ne3 Na5 41. Kd3 Nc6 42. Ng2 g6 43. hxg6+ Kxg6 44. Nh4+ Kf7 45. exf6 Kxf6 46. Nf3 Kg6 1/2-1/2

[Event "European-ch Seniors 2018"]
[Site "Drammen"]
[Date "2018.08.10"]
[Round "7"]
[White "Kolbak, Jens"]
[Black "Ackermann, Hans Werner"]
[Result "0-1"]
[ECO "A41"]
[WhiteElo "2181"]
[BlackElo "2246"]
[Annotator "NA"]
[PlyCount "102"]
[EventDate "2018.08.04"]
[EventType "swiss"]
[EventCountry "NOR"]
[SourceTitle "playchess.com"]
[Source "ChessBase"]
[SourceQuality "1"]
[TimeControl "40/5400+30:1800+30"]

1. d4 d6 2. e4 g6 3. Nc3 a6 4. Be3 b5 5. a3 Bb7 6. f3 Nd7 7. Nh3 Bg7 8. Be2 e6 9. O-O Ne7 10. Qd2 h6 11. Rad1 d5 12. Nf2 Nf6 13. Rfe1 Kf8 14. Bf1 Kg8 15. Nd3 Qc8 16. Nc5 Nd7 17. Bf2 Nxc5 18. dxc5 Kh7 19. exd5 Nxd5 20. Bd4 Bxd4+ 21. Qxd4 Nxc3 22. Qxc3 Bd5 23. b4 Qf8 24. Qe5 c6 25. Qf4 Qg7 26. c4 bxc4 27. Bxc4 Ra7 28. Bxd5 cxd5 29. Rc1 Rc8 30. Qe5 Qxe5 31. Rxe5 Rac7 32. Re2 a5 33. f4 Rb8 34. Rb2 Rb5 35. Kf2 f6 36. Ke3 e5 37. fxe5 fxe5 38. Rd2 axb4 39. axb4 Rd7 40. c6 Rc7 41. Rb2 Kg7 42. Kd3 Kf7 43. Rf2+ Ke6 44. Rcf1 e4+ 45. Kd4 Rxb4+ 46. Kc5 Rc4+ 47. Kb5 e3 48. Rf6+ Ke5 49. Rxg6 Rc2 50. Rff6 Re7 51. Rf3 d4 0-1

[Event "European-ch Seniors 2018"]
[Site "Drammen"]
[Date "2018.08.10"]
[Round "7"]
[White "Gayson, Peter M"]
[Black "Jensen, Thore Nyboe"]
[Result "1-0"]
[ECO "C06"]
[WhiteElo "2150"]
[BlackElo "2083"]
[Annotator "NA"]
[PlyCount "107"]
[EventDate "2018.08.04"]
[EventType "swiss"]
[EventCountry "NOR"]
[SourceTitle "playchess.com"]
[Source "ChessBase"]
[SourceQuality "1"]
[TimeControl "40/5400+30:1800+30"]

1. e4 e6 2. d4 d5 3. Nd2 Nf6 4. e5 Nfd7 5. Bd3 c5 6. c3 Nc6 7. Ne2 cxd4 8. cxd4 Qb6 9. Nf3 Bb4+ 10. Bd2 Bxd2+ 11. Qxd2 Qb4 12. Rc1 f6 13. exf6 Qxd2+ 14. Kxd2 gxf6 15. Bb5 Ndb8 16. Nf4 Bd7 17. Rhe1 Kf7 18. Nd3 b6 19. g4 h6 20. h4 a6 21. Ba4 Ke7 22. g5 hxg5 23. hxg5 Rf8 24. g6 Kd6 25. Rh1 Nxd4 26. Nxd4 Bxa4 27. Nf4 Bd7 28. g7 Rg8 29. Nh5 Nc6 30. Nxc6 Bxc6 31. Rcg1 Ke7 32. Re1 d4 33. Rhg1 Kf7 34. Rc1 Rac8 35. f4 Bb7 36. Rxc8 Bxc8 37. Kd3 Bb7 38. Rg3 e5 39. fxe5 fxe5 40. Rg5 Bf3 41. Rf5+ Kg6 42. Rxf3 Kxh5 43. Rf5+ Kg6 44. Rxe5 Kf6 45. Rh5 Rxg7 46. Kxd4 Rg4+ 47. Kd5 Rb4 48. Rh6+ Kg5 49. Rh2 a5 50. b3 Kg4 51. Rc2 Kf3 52. Rc4 b5 53. Rxb4 axb4 54. Kc5 1-0

[Event "European-ch Seniors 2018"]
[Site "Drammen"]
[Date "2018.08.10"]
[Round "7"]
[White "Holst, Conny"]
[Black "Ali, Karim"]
[Result "1-0"]
[ECO "E00"]
[WhiteElo "2147"]
[BlackElo "1819"]
[Annotator "NA"]
[PlyCount "103"]
[EventDate "2018.08.04"]
[EventType "swiss"]
[EventCountry "NOR"]
[SourceTitle "playchess.com"]
[Source "ChessBase"]
[SourceQuality "1"]
[TimeControl "40/5400+30:1800+30"]

1. d4 Nf6 2. c4 e6 3. Nc3 b6 4. e4 Bb7 5. f3 d6 6. Nge2 Nbd7 7. Be3 g6 8. Qd2 h6 9. O-O-O Bg7 10. g4 g5 11. h4 gxh4 12. g5 hxg5 13. Bxg5 Nf8 14. Bh3 Qd7 15. d5 Nh5 16. Kb1 Ng3 17. Nxg3 hxg3 18. Rdg1 f6 19. Be3 Qf7 20. Rxg3 Bc8 21. Rhg1 Rh7 22. dxe6 Bxe6 23. Bxe6 Nxe6 24. Qd5 Rd8 25. Qf5 Rh5 26. Qg4 f5 27. exf5 Rxf5 28. Nd5 Kd7 29. Qe4 Re5 30. Qg4 c6 31. f4 Rf5 32. Nc3 Bxc3 33. bxc3 Rf8 34. Qh3 Ke8 35. Rg6 Kd7 36. Qh6 Qe8 37. Bd2 Rh8 38. Rg7+ Kd8 39. Rh7 Rxh7 40. Qxh7 Rf7 41. Qh6 Kd7 42. Rg6 Qe7 43. Qh3 Rh7 44. Qg4 Rf7 45. Kb2 Rf6 46. f5 Rxg6 47. Qxg6 Nd8 48. Qg4 Qf7 49. Bg5 Nb7 50. f6+ Kc7 51. Bh4 Kd8 52. Qg8+ 1-0

[Event "European-ch Seniors 2018"]
[Site "Drammen"]
[Date "2018.08.10"]
[Round "7"]
[White "Bjerke, Richard"]
[Black "Kirppo, Ronny"]
[Result "1-0"]
[ECO "E17"]
[WhiteElo "2141"]
[BlackElo "1885"]
[Annotator "NA"]
[PlyCount "133"]
[EventDate "2018.08.04"]
[EventType "swiss"]
[EventCountry "NOR"]
[SourceTitle "playchess.com"]
[Source "ChessBase"]
[SourceQuality "1"]
[TimeControl "40/5400+30:1800+30"]

1. d4 Nf6 2. c4 e6 3. Nf3 b6 4. g3 Bb7 5. Bg2 Be7 6. Nc3 Ne4 7. Bd2 O-O 8. O-O f5 9. Rc1 Bf6 10. d5 Na6 11. Be1 Nac5 12. Nd4 a5 13. Ndb5 Nxc3 14. Nxc3 e5 15. Na4 Nxa4 16. Qxa4 d6 17. Qc2 e4 18. Bd2 Qe7 19. e3 Be5 20. f4 Bf6 21. g4 g6 22. g5 Bg7 23. b3 c5 24. dxc6 Bxc6 25. Rfd1 Rfc8 26. Bf1 Bd7 27. Bc3 Be6 28. Bxg7 Kxg7 29. Rd2 Rc5 30. Rcd1 Rd8 31. a3 Kf7 32. b4 axb4 33. axb4 Rcc8 34. Rd4 Ra8 35. Qb2 Rab8 36. h4 Rb7 37. h5 gxh5 38. Qh2 Kg8 39. Qxh5 Rbd7 40. Qh2 Qf7 41. Qc2 Kf8 42. Qh2 Qg7 43. R1d2 Kg8 44. Qh4 Qe7 45. Qh6 Bf7 46. Qh3 Bg6 47. Qh4 Bf7 48. Bh3 Bg6 49. Qe1 Ra8 50. Qd1 Rda7 51. Bf1 Ra1 52. Qe2 Rd8 53. c5 bxc5 54. bxc5 Bf7 55. Rxd6 Rxd6 56. cxd6 Qd7 57. Kf2 Be6 58. Kg3 Ra3 59. Rd4 Ra2 60. Qd1 Kg7 61. Qc1 Ra7 62. Qc5 Kg6 63. Bb5 Qf7 64. d7 Rxd7 65. Bxd7 Bxd7 66. Rd6+ Kg7 67. Qd4+ 1-0

[Event "European-ch Seniors 2018"]
[Site "Drammen"]
[Date "2018.08.10"]
[Round "7"]
[White "Sorokina, Tamara"]
[Black "Gruzmann, Boris"]
[Result "0-1"]
[ECO "A45"]
[WhiteElo "2050"]
[BlackElo "2183"]
[Annotator "NA"]
[PlyCount "96"]
[EventDate "2018.08.04"]
[EventType "swiss"]
[EventCountry "NOR"]
[SourceTitle "playchess.com"]
[Source "ChessBase"]
[SourceQuality "1"]
[TimeControl "40/5400+30:1800+30"]

1. d4 Nf6 2. Nd2 c5 3. c3 cxd4 4. cxd4 Nc6 5. e3 d6 6. Bd3 g6 7. Ngf3 Bg7 8. O-O O-O 9. a3 e5 10. h3 Qe7 11. dxe5 dxe5 12. e4 Rd8 13. Qe2 Nh5 14. Nb3 Be6 15. Bc4 Rac8 16. Bxe6 Qxe6 17. Nc5 Qe7 18. Nd3 Nd4 19. Nxd4 Rxd4 20. Nb4 Nf4 21. Bxf4 exf4 22. f3 a5 23. Nd3 Qd6 24. Rfd1 Qb6 25. Kh1 Qb3 26. Rd2 Rcd8 27. Rad1 b6 28. Kh2 h6 29. e5 g5 30. Nc1 Qxd1 31. Rxd1 Rxd1 32. Na2 R1d2 33. Qb5 R2d5 34. Qxb6 Bxe5 35. Nc3 Bxc3 36. bxc3 R8d6 37. Qb8+ Kg7 38. c4 Rd2 39. c5 Re6 40. h4 Ree2 41. hxg5 Rxg2+ 42. Kh1 Rge2 43. gxh6+ Kh7 44. Qb1+ Kxh6 45. Qf1 Re5 46. Qc1 Red5 47. Qc3 Kh7 48. c6 f5 0-1

[Event "European-ch Seniors 2018"]
[Site "Drammen"]
[Date "2018.08.10"]
[Round "7"]
[White "Birkholz, Olga"]
[Black "Strutinskaia, Galina"]
[Result "1-0"]
[ECO "A05"]
[WhiteElo "2048"]
[BlackElo "2208"]
[Annotator "NA"]
[PlyCount "133"]
[EventDate "2018.08.04"]
[EventType "swiss"]
[EventCountry "NOR"]
[SourceTitle "playchess.com"]
[Source "ChessBase"]
[SourceQuality "1"]
[TimeControl "40/5400+30:1800+30"]

1. Nf3 Nf6 2. g3 b6 3. Bg2 Bb7 4. d3 e6 5. O-O Be7 6. b3 d6 7. Bb2 O-O 8. Nbd2 a5 9. a4 Na6 10. e4 d5 11. e5 Nd7 12. Re1 Nb4 13. Nd4 Rb8 14. Nf1 Nc5 15. Ne3 Qd7 16. f4 Ba6 17. Bf1 f6 18. exf6 Bxf6 19. Ng4 Rbe8 20. Nxf6+ gxf6 21. Qg4+ Qg7 22. Qxg7+ Kxg7 23. Rad1 Bc8 24. Rd2 e5 25. fxe5 Rxe5 26. Rxe5 fxe5 27. Nb5 d4 28. Nxc7 Bd7 29. Ba3 Rc8 30. Bxb4 Rxc7 31. Ba3 Bf5 32. Rf2 Kg6 33. Bg2 Kg5 34. Bc1+ Kg6 35. Ba3 Kg5 36. Re2 Kf6 37. Bd5 Bh3 38. Rf2+ Kg5 39. Bf7 Kh6 40. Bc4 Kg5 41. Bc1+ Kg6 42. Rf8 Be6 43. Bxe6 Nxe6 44. Rf2 Nc5 45. Ba3 h5 46. Kg2 Nb7 47. Kh3 Kg5 48. Kg2 Nc5 49. h4+ Kg6 50. Bxc5 Rxc5 51. Kh3 Rc3 52. Re2 Kf5 53. Kg2 Rc5 54. Kf3 b5 55. axb5 Rxb5 56. g4+ hxg4+ 57. Kg3 a4 58. bxa4 Ra5 59. Rf2+ Ke6 60. Kxg4 Rxa4 61. h5 Ra1 62. Rh2 Rg1+ 63. Kf3 Rf1+ 64. Ke2 Rf7 65. h6 Rh7 66. Rh5 Kf6 67. Kf3 1-0

[Event "European-ch Seniors 2018"]
[Site "Drammen"]
[Date "2018.08.10"]
[Round "7"]
[White "Edvardsen, Ragnar"]
[Black "Syvertsen, Rolf E"]
[Result "1/2-1/2"]
[ECO "B32"]
[WhiteElo "1969"]
[BlackElo "1884"]
[Annotator "NA"]
[PlyCount "110"]
[EventDate "2018.08.04"]
[EventType "swiss"]
[EventCountry "NOR"]
[SourceTitle "playchess.com"]
[Source "ChessBase"]
[SourceQuality "1"]
[TimeControl "40/5400+30:1800+30"]

1. e4 c5 2. Nf3 Nc6 3. d4 cxd4 4. Nxd4 e5 5. Nb3 Nf6 6. Nc3 Bb4 7. Bg5 h6 8. Bxf6 Bxc3+ 9. bxc3 Qxf6 10. Be2 O-O 11. O-O Rd8 12. Qd2 g5 13. Rad1 d6 14. Bc4 Be6 15. Bd5 Bxd5 16. Qxd5 Rac8 17. Rd3 Kf8 18. Rf3 Qg6 19. Rd1 Ke7 20. Nd2 Qe6 21. Qb5 Rd7 22. Nf1 Kf8 23. a4 Ne7 24. Rfd3 Rc5 25. Qb4 Ng6 26. Rxd6 Rxd6 27. Qxc5 Ke7 28. Ne3 Kd7 29. Rxd6+ Qxd6 30. Qxd6+ Kxd6 31. Nf5+ Kc5 32. Nxh6 a5 33. Kf1 b5 34. Ke1 bxa4 35. Kd1 a3 36. Kc1 Kc4 37. Nxf7 Kxc3 38. Kb1 g4 39. Nh6 a2+ 40. Kxa2 Kxc2 41. Nxg4 Kd3 42. f3 Ke2 43. Kb3 Kf1 44. Nxe5 Nxe5 45. f4 Nd3 46. g4 Nxf4 47. h4 Kf2 48. g5 Kf3 49. g6 Nxg6 50. h5 Ne5 51. h6 Kxe4 52. Ka4 Kf5 53. h7 Nf7 54. Kxa5 Kg6 55. h8=Q Nxh8 1/2-1/2

[Event "European-ch Seniors 2018"]
[Site "Drammen"]
[Date "2018.08.11"]
[Round "8"]
[White "Bogdanov, Valentin"]
[Black "Stebbings, Anthony J"]
[Result "1-0"]
[ECO "E32"]
[WhiteElo "2356"]
[BlackElo "2265"]
[Annotator "NA"]
[PlyCount "79"]
[EventDate "2018.08.04"]
[EventType "swiss"]
[EventCountry "NOR"]
[SourceTitle "playchess.com"]
[Source "ChessBase"]
[SourceQuality "1"]
[TimeControl "40/5400+30:1800+30"]

1. d4 Nf6 2. c4 e6 3. Nc3 Bb4 4. Qc2 b6 5. e4 c5 6. e5 cxd4 7. a3 Bxc3+ 8. bxc3 Ng8 9. Qe4 Nc6 10. cxd4 f5 11. Qe3 Ba6 12. Bd2 d5 13. exd6 Qxd6 14. Nf3 Qe7 15. Bd3 Nf6 16. O-O O-O 17. Rfe1 Rfe8 18. Ne5 Nxe5 19. Qxe5 Rac8 20. Bxf5 Bxc4 21. Bh3 Qc7 22. Qg5 Qf7 23. Bf4 Qg6 24. Qe5 Qh5 25. Bg5 Nd7 26. Qg3 Qg6 27. Qh4 Bd5 28. Re3 Qf7 29. Rae1 Nf8 30. Bg4 Rc4 31. Be2 Rc7 32. Qg4 Rec8 33. Rg3 Rc3 34. Bd3 Kh8 35. Bf4 Rd8 36. Be5 Rd7 37. Qh4 Qg8 38. Bxh7 Qxh7 39. Qxh7+ Kxh7 40. Rxc3 1-0

[Event "European-ch Seniors 2018"]
[Site "Drammen"]
[Date "2018.08.11"]
[Round "8"]
[White "Elseth, Roar"]
[Black "Ali, Karim"]
[Result "1-0"]
[ECO "A11"]
[WhiteElo "2311"]
[BlackElo "1819"]
[Annotator "NA"]
[PlyCount "41"]
[EventDate "2018.08.04"]
[EventType "swiss"]
[EventCountry "NOR"]
[SourceTitle "playchess.com"]
[Source "ChessBase"]
[SourceQuality "1"]
[TimeControl "40/5400+30:1800+30"]

1. e4 a6 2. d4 b5 3. Bd3 Bb7 4. Nf3 e6 5. a4 c5 6. dxc5 Bxc5 7. O-O Ne7 8. axb5 axb5 9. Rxa8 Bxa8 10. Qe2 b4 11. Ng5 Ng6 12. Qh5 Qa5 13. Kh1 Be7 14. Nxe6 Qa7 15. Nxg7+ Kd8 16. Be3 Qc7 17. Nd2 Rg8 18. Nc4 Kc8 19. Nb6+ Kb7 20. Qa5 Kc6 21. Qd5# 1-0

[Event "European-ch Seniors 2018"]
[Site "Drammen"]
[Date "2018.08.11"]
[Round "8"]
[White "Werner, Clemens"]
[Black "Barle, Janez"]
[Result "0-1"]
[ECO "B01"]
[WhiteElo "2258"]
[BlackElo "2249"]
[Annotator "NA"]
[PlyCount "100"]
[EventDate "2018.08.04"]
[EventType "swiss"]
[EventCountry "NOR"]
[SourceTitle "playchess.com"]
[Source "ChessBase"]
[SourceQuality "1"]
[TimeControl "40/5400+30:1800+30"]

1. e4 d5 2. exd5 Nf6 3. Nf3 Nxd5 4. d4 Bg4 5. Be2 e6 6. h3 Bh5 7. O-O Nd7 8. c4 N5f6 9. Nc3 Be7 10. Bf4 O-O 11. Ne5 Bxe2 12. Qxe2 c6 13. Rfd1 Re8 14. Qf3 Qb6 15. g4 Rad8 16. b3 Nxe5 17. dxe5 Nd7 18. Ne4 Qa5 19. Qg3 Nc5 20. Nd6 Bxd6 21. exd6 Nd7 22. Bd2 Qa3 23. Bc1 Qa6 24. Bb2 e5 25. Qc3 f6 26. c5 Qb5 27. b4 a5 28. a3 Kh8 29. Qd3 Qxd3 30. Rxd3 axb4 31. axb4 Ra8 32. Rda3 Rxa3 33. Rxa3 Kg8 34. Ra7 Rb8 35. Ba3 Kf7 36. Kf1 Ke6 37. Ke2 Kd5 38. Kd3 Nf8 39. Bc1 Ne6 40. Be3 g6 41. f3 f5 42. gxf5 gxf5 43. Kc3 f4 44. Bf2 Ng5 45. d7 Nxf3 46. Rxb7 Rd8 47. Rc7 e4 48. b5 e3 49. Bxe3 fxe3 50. Kd3 e2 0-1

[Event "European-ch Seniors 2018"]
[Site "Drammen"]
[Date "2018.08.11"]
[Round "8"]
[White "Ackermann, Hans Werner"]
[Black "Renman, Nils-Gustaf"]
[Result "1/2-1/2"]
[ECO "E14"]
[WhiteElo "2246"]
[BlackElo "2348"]
[Annotator "NA"]
[PlyCount "51"]
[EventDate "2018.08.04"]
[EventType "swiss"]
[EventCountry "NOR"]
[SourceTitle "playchess.com"]
[Source "ChessBase"]
[SourceQuality "1"]
[TimeControl "40/5400+30:1800+30"]

1. Nf3 e6 2. b3 d5 3. Bb2 Nf6 4. e3 Be7 5. d4 O-O 6. Bd3 c5 7. O-O Nbd7 8. c4 b6 9. Nc3 cxd4 10. Nxd4 Bb7 11. cxd5 Nxd5 12. Nxd5 Bxd5 13. Rc1 Rc8 14. Qe2 Rxc1 15. Rxc1 Nc5 16. Bb1 Qa8 17. b4 Ne4 18. f3 Nf6 19. a3 Rc8 20. Rxc8+ Qxc8 21. Bd3 Ne8 22. Nb5 a5 23. Qd2 axb4 24. axb4 Nd6 25. e4 Bb7 26. Nxd6 1/2-1/2

[Event "European-ch Seniors 2018"]
[Site "Drammen"]
[Date "2018.08.11"]
[Round "8"]
[White "Lederman, Leon S"]
[Black "Gaprindashvili, Nona"]
[Result "1/2-1/2"]
[ECO "B00"]
[WhiteElo "2245"]
[BlackElo "2305"]
[Annotator "NA"]
[PlyCount "37"]
[EventDate "2018.08.04"]
[EventType "swiss"]
[EventCountry "NOR"]
[SourceTitle "playchess.com"]
[Source "ChessBase"]
[SourceQuality "1"]
[TimeControl "40/5400+30:1800+30"]

1. e4 b6 2. d4 Bb7 3. Bd3 g6 4. Qe2 Bg7 5. Nf3 e6 6. O-O Ne7 7. Bg5 d6 8. Nbd2 O-O 9. e5 Nd7 10. a4 dxe5 11. dxe5 Nc5 12. Bc4 h6 13. Be3 Nd7 14. a5 Nf5 15. Bf4 g5 16. g4 Nh4 17. Nxh4 gxf4 18. Nhf3 Qe7 19. c3 1/2-1/2

[Event "European-ch Seniors 2018"]
[Site "Drammen"]
[Date "2018.08.11"]
[Round "8"]
[White "Karason, Askell O"]
[Black "Hedin, Gunnar"]
[Result "1-0"]
[ECO "E32"]
[WhiteElo "2217"]
[BlackElo "2179"]
[Annotator "NA"]
[PlyCount "81"]
[EventDate "2018.08.04"]
[EventType "swiss"]
[EventCountry "NOR"]
[SourceTitle "playchess.com"]
[Source "ChessBase"]
[SourceQuality "1"]
[TimeControl "40/5400+30:1800+30"]

1. d4 e6 2. c4 f5 3. Nc3 Nf6 4. e3 Bb4 5. Qc2 b6 6. Nf3 Bb7 7. Be2 Ne4 8. O-O Bxc3 9. bxc3 O-O 10. Ne1 Qh4 11. f3 Nf6 12. Nd3 g5 13. Qd1 Nc6 14. Qe1 Qxe1 15. Rxe1 Na5 16. c5 Ba6 17. Bf1 d6 18. c4 bxc5 19. dxc5 e5 20. cxd6 cxd6 21. Bd2 Nxc4 22. Nb4 Nxd2 23. Bxa6 Rab8 24. a3 Kg7 25. Rad1 Nb3 26. Rxd6 Nc5 27. Rc1 Nxa6 28. Rxa6 Rb7 29. Rc5 Nd7 30. Rca5 Ra8 31. Nd3 h6 32. Nxe5 Rb1+ 33. Kf2 Rb2+ 34. Kg3 Nxe5 35. Rxe5 f4+ 36. Kh3 fxe3 37. Rxe3 Rb7 38. Ree6 Rh8 39. Rg6+ Kf7 40. Rxh6 Rxh6+ 41. Rxh6 1-0

[Event "European-ch Seniors 2018"]
[Site "Drammen"]
[Date "2018.08.11"]
[Round "8"]
[White "Biro, Sandor"]
[Black "Edvardsen, Ragnar"]
[Result "1-0"]
[ECO "C21"]
[WhiteElo "2193"]
[BlackElo "1969"]
[Annotator "NA"]
[PlyCount "61"]
[EventDate "2018.08.04"]
[EventType "swiss"]
[EventCountry "NOR"]
[SourceTitle "playchess.com"]
[Source "ChessBase"]
[SourceQuality "1"]
[TimeControl "40/5400+30:1800+30"]

1. e4 e5 2. d4 exd4 3. c3 dxc3 4. Bc4 cxb2 5. Bxb2 Bb4+ 6. Nc3 Nf6 7. Nge2 O-O 8. O-O Nc6 9. Nd5 Be7 10. Nef4 d6 11. Re1 Ne5 12. Bb3 Bg4 13. f3 Bd7 14. Qd2 c6 15. Nxf6+ Bxf6 16. Nh5 Be6 17. Nxf6+ gxf6 18. f4 Nd7 19. Bc2 Qb6+ 20. Bd4 c5 21. Bc3 Qc6 22. Re3 Rfd8 23. Qe2 b5 24. Qh5 Kf8 25. Rd1 Bxa2 26. Qh6+ Ke7 27. e5 dxe5 28. fxe5 Rg8 29. Be4 Qc8 30. exf6+ Kd8 31. Ba5+ 1-0

[Event "European-ch Seniors 2018"]
[Site "Drammen"]
[Date "2018.08.11"]
[Round "8"]
[White "Zimmermann, Luc"]
[Black "Blomstrom, Lars"]
[Result "1-0"]
[ECO "B18"]
[WhiteElo "2184"]
[BlackElo "2167"]
[Annotator "NA"]
[PlyCount "101"]
[EventDate "2018.08.04"]
[EventType "swiss"]
[EventCountry "NOR"]
[SourceTitle "playchess.com"]
[Source "ChessBase"]
[SourceQuality "1"]
[TimeControl "40/5400+30:1800+30"]

1. e4 c6 2. d4 d5 3. Nc3 dxe4 4. Nxe4 Bf5 5. Ng3 Bg6 6. Nh3 Nf6 7. Nf4 e5 8. Nxg6 hxg6 9. dxe5 Qa5+ 10. Bd2 Qxe5+ 11. Qe2 Qxe2+ 12. Bxe2 Nbd7 13. O-O O-O-O 14. Rad1 Bc5 15. b4 Bd4 16. c3 Bb6 17. a4 a5 18. Bg5 Rde8 19. Bc4 Rhf8 20. h3 Ne5 21. Bb3 Nh7 22. Bc1 f5 23. Ne2 Nf3+ 24. gxf3 Rxe2 25. Rd2 Rxd2 26. Bxd2 Rd8 27. Rd1 Nf8 28. Bf4 Rxd1+ 29. Bxd1 axb4 30. cxb4 Bd4 31. Bb3 Kd7 32. Bd2 Ne6 33. Kf1 Be5 34. Be3 Kd6 35. Bc4 f4 36. Bd2 Nd4 37. Kg2 g5 38. Bc1 Nf5 39. Ba3 Nh4+ 40. Kf1 Nxf3 41. b5+ c5 42. Ke2 Ng1+ 43. Kf1 Nf3 44. Ke2 Nd4+ 45. Kd3 b6 46. Bc1 Nf3 47. Ke4 Nh4 48. Bd2 Ng6 49. a5 bxa5 50. Bxa5 Ke7 51. Kf5 1-0